 Dungeon Crawl Stone Soup version 0.30.1-3-gfc49f6343a (webtiles) character file.

Game seed: 16803143123633445592

31 KyoPewz the Cudgeller (level 3, -1/36 HPs)
             Began as an Ogre Gladiator on July 31, 2023.
             Succumbed to an adder's poison
             ... on level 2 of the Dungeon.
             The game lasted 00:01:26 (625 turns).

KyoPewz the Cudgeller (Ogre Gladiator)               Turns: 625, Time: 00:01:26

Health: -1/36      AC:  3    Str: 20    XL:     3   Next: 22%
Magic:  3/3        EV: 10    Int:  9    God:
Gold:   44         SH:  0    Dex: 10    Spells: 2/2 levels left

rFire   . . .        i - +0 whip (elec)
rCold   . . .        (no shield)
rNeg    . . .        b - +0 robe
rPois   .            c - +0 hat
rElec   .            (no cloak)
rCorr   .            (gloves unavailable)
SInv    .            (boots unavailable)
Will    .....        (no amulet)
Stlth   +            (no ring)
HPRegen 0.26/turn    (no ring)
MPRegen 0.08/turn

%: no passive effects
@: lethally poisoned (-1 -> -6)
A: large, unfitting armour, tough skin 1
a: no special abilities


You were on level 2 of the Dungeon.
You visited 1 branch of the dungeon, and saw 2 of its levels.

You collected 44 gold pieces.

Inventory:

Hand Weapons
 a - a +0 flail
 i - a +0 whip of electrocution (weapon)
Missiles
 d - 3 throwing nets (quivered)
 g - 2 poisoned darts
 h - 2 stones
Armour
 b - a +0 robe (worn)
 c - a +0 hat (worn)
Scrolls
 k - a scroll of fear {unknown}
 l - a scroll of vulnerability {unknown}
 m - 2 scrolls of teleportation {unknown}
 n - a scroll of identify {unknown}
 o - a scroll of magic mapping {unknown}
Potions
 f - a potion of heal wounds {unknown}
 j - a potion of berserk rage {unknown}
 p - a potion of attraction {unknown}


   Skills:
 - Level 2.6 Fighting
 + Level 3.3 Maces & Flails
 + Level 2.9 Throwing
 - Level 2.6 Dodging


You had 2 spell levels left.
You didn't know any spells.
Your spell library was empty.

Dungeon Overview and Level Annotations

Branches:
Dungeon (2/15)

Altars:


Innate Abilities, Weirdness & Mutations

You are too large for most types of armour.
You have tough skin. (AC +1)


Message History

You barely miss the adder.
The adder is severely wounded.
You feel sick. The adder bites you.
You take 2 damage, and have 14/36 hp.
You hit the adder.
The adder is severely wounded.
You feel sick. The adder bites you. x2
You are more poisoned.
The adder poisons you!
You take 3 damage, and have 11/36 hp.
You hit the adder but do no damage.
The adder is severely wounded.
You feel sick. The adder barely misses you.
You take 1 damage, and have 10/36 hp.
You closely miss the adder.
The adder is severely wounded.
You feel sick. The adder barely misses you.
You take 1 damage, and have 9/36 hp.
You miss the adder.
The adder is severely wounded.
You feel sick. The adder barely misses you.
You take 1 damage, and have 8/36 hp.
You miss the adder.
The adder is severely wounded.
You feel sick. The adder bites you.
* * * LOW HITPOINT WARNING * * *
You take 2 damage, and have 6/36 hp.
You barely miss the adder.
The adder is severely wounded.
You feel sick. The adder bites you.
* * * LOW HITPOINT WARNING * * *
You are more poisoned.
The adder poisons you!
You take 4 damage, and have 2/36 hp.
Throw: large rock
Press: ? - help, Shift-Dir - straight line, f - adder
Aim: an adder (severely wounded, 38% to hit)
You throw a large rock.
The large rock closely misses the adder.
You die...

#.# #.#..# #.#..#
..#..# #.#..#
#.#..#
######.#..#
###......#..#####
.......<...@S..(#
..#.#######.#.###
#.# # =.# #.# ...
#.# #.#


You could see an adder.

Vanquished Creatures
  A dart slug (D:1)
  2 ball pythons (D:1)
  A giant cockroach (D:1)
  6 hobgoblins (D:1)
  3 jackals (D:1)
  4 bats (D:1)
  2 frilled lizards (D:1)
  3 goblins (D:1)
  3 kobolds (D:1)
  3 rats (D:1)
28 creatures vanquished.

Notes
Turn   | Place    | Note
-------+----------+-------------------------------------------
     0 | D:1      | KyoPewz the Ogre Gladiator began the quest for the Orb.
     0 | D:1      | Reached XP level 1. HP: 22/22 MP: 1/1
    64 | D:1      | Reached skill level 3 in Maces & Flails
    64 | D:1      | Reached XP level 2. HP: 29/29 MP: 2/2
   455 | D:1      | Reached XP level 3. HP: 36/36 MP: 3/3
   625 | D:2      | Succumbed to an adder's poison

Illustrated notes

Levels and vault maps discovered:
D:1:      amcnicky_arrival_gap_in_the_tavern_cellar, layout_basic
D:2:      layout_basic, kennysheep_crisscross, kennysheep_potato

Skill      XL: |  1 |
---------------+----+-----
Maces & Flails | 3 |  3.3
Fighting       | |  2.6
Throwing       | |  2.9
Dodging        | |  2.6

Action                     || total
---------------------------++-------
  Melee: Flail             ||    23
         Whip              ||    71
         Punch             ||     1
  Throw: Large rock        ||     1
   Stab: Sleeping          ||     1
 Armour: Robe              ||    24
  Dodge: Dodged            ||    49
